Map: Catalyst LE

Players

SCULLY

  • Race: Protoss Protoss
  • League: Gold
  • Spawn Location: 11:00

BsB - Winner!

  • Race: Zerg Zerg
  • League: Gold
  • Spawn Location: 5:00

VOD

Have the link to the VOD?

Description

Time

  • Played on: Jan. 18, 2018, 6:30 p.m.
  • Length: 17:51
Show
View Real Time Build Order
Export as new Build Order

SCULLY Protoss 

Build Orders:  

Get SALT Encoding   

  12  0:01  Probe  
  13  0:13  Probe  
  14  0:17  Pylon  
  14  0:25  Probe  
  15  0:37  Probe (Chrono Boost)  
  15  0:41  Gateway  
  16  0:49  Probe (Chrono Boost)  
  17  0:58  Probe (Chrono Boost)  
  17  1:03  Probe  
  18  1:09  Gateway  
  19  1:15  Probe  
  19  1:17  Pylon  
  20  1:28  Probe  
  20  1:31  Cybernetics Core  
  21  1:33  Assimilator  
  21  1:43  Assimilator  
  21  1:44  Probe  
  22  1:56  Probe  
  23  2:08  Probe  
  23  2:11  Nexus  
  24  2:27  Probe  
  25  2:30  Warp Gate (Chrono Boost)  
  25  2:39  Probe  
  25  2:40  Adept x2  
  29  2:51  Probe  
  30  3:02  Pylon  
  30  3:03  Probe  
  31  3:15  Gateway  
  36  3:20  Adept x2, Gateway, Probe  
  36  3:24  Probe  
  37  3:32  Probe  
  38  3:36  Probe  
  39  4:02  Probe x2  
  41  4:20  Robotics Facility  
  41  4:24  Gateway  
  41  4:25  Gateway  
  41  4:26  Gateway  
  41  4:28  Gateway  
  41  4:34  Pylon  
  41  4:40  Pylon  
  41  4:44  Pylon  
  41  4:46  Pylon, Stalker  
  41  4:47  Stalker  
  45  4:59  Probe x2  
  47  5:06  Shield Battery  
  47  5:09  Observer  
  47  5:11  Probe x2  
  50  5:23  Probe x2  
  50  5:24  Assimilator  
  50  5:26  Assimilator  
  52  5:29  Stalker x4  
  52  5:30  Observer  
  61  5:42  Sentry x2  
  65  5:52  Observer  
  65  5:54  Probe x2  
  68  5:57  Adept x3  
  68  5:58  Adept  
  76  6:06  Probe x2  
  78  6:13  Warp Prism  
  78  6:14  Adept  
  78  6:15  Adept  
  78  6:18  Probe  
  85  6:27  Probe  
  86  6:44  Nexus  
  86  6:45  Pylon  
  86  6:48  Pylon  
  86  6:50  Pylon  
  86  7:03  Probe x2  
  88  7:15  Probe x2  
  90  7:16  Forge  
  90  7:18  Forge  
  90  7:20  Twilight Council  
  90  7:27  Probe x2  
  92  7:31  Sentry x5  
  102  7:37  Stalker x3  
  102  7:39  Probe x2  
  110  7:50  Pylon  
  110  7:52  Pylon  
  110  7:55  Probe x2  
  112  8:03  Robotics Facility  
  112  8:07  Gateway, Probe x2  
  112  8:10  Gateway  
  112  8:12  Gateway  
  114  8:16  Probe  
  114  8:19  Probe x2, Assimilator  
  117  8:23  Assimilator  
  117  8:26  Templar Archives, Protoss Ground Weapons Level 1 (Chrono Boost)  
  117  8:28  Robotics Bay  
  117  8:29  Protoss Ground Armor Level 1 (Chrono Boost)  
  117  8:32  Resonating Glaives (Chrono Boost)  
  117  8:58  Stalker x4  
  117  8:59  Stalker x4  
  133  9:05  Probe x2  
  133  9:06  Probe  
  136  9:17  Probe x2  
  136  9:18  Probe  
  138  9:29  Probe  
  138  9:30  Nexus, Probe  
  139  9:32  Pylon  
  139  9:34  Pylon  
  139  9:35  Probe  
  140  9:41  Probe  
  140  9:50  Colossus  
  140  9:52  Colossus  
  146  9:57  Pylon  
  152  10:00  Pylon  
  152  10:02  Pylon  
  152  10:04  Zealot x2  
  156  10:07  Pylon  
  156  10:13  Pylon  
  156  10:18  Stalker x3  
  156  10:19  Pylon, Stalker x3  
  168  10:32  Zealot  
  168  10:33  Zealot x4  
  164  10:46  Stalker  
  164  10:47  Stalker x2  
  144  10:56  Stalker  
  144  10:57  Stalker x4  
  130  10:58  Stalker x2  
  110  11:22  Probe x4  
  114  11:25  Psionic Storm  
  114  11:28  Extended Thermal Lance  
  114  11:29  Protoss Ground Weapons Level 2 (Chrono Boost)  
  114  11:30  Protoss Ground Armor Level 2 (Chrono Boost)  
  114  11:33  Charge (Chrono Boost)  
  114  11:34  Probe x3  
  117  11:51  Gateway x2  
  117  11:52  Gateway  
  117  11:54  Gateway  
  117  11:55  Gateway  
  117  11:57  Gateway  
  117  12:01  Pylon  
  117  12:04  Pylon  
  117  12:06  Pylon, High Templar x2  
  117  12:07  High Templar x2  
  117  12:08  Pylon  
  125  12:10  Archon, Pylon  
  125  12:11  Archon  
  125  12:14  Assimilator  
  125  12:17  Stalker x4  
  125  12:18  Assimilator  
  133  12:26  Colossus  
  139  12:36  Zealot  
  141  12:37  Zealot x2  
  99  12:51  Stalker x2  
  99  12:52  Stalker x4  
  99  12:55  Immortal  
  99  12:57  Zealot x4  
  105  13:03  Stalker  
  107  13:16  Sentry  
  107  13:17  Sentry x2  
  111  13:21  Zealot x5  
  111  13:22  Zealot x5  
  125  13:38  Zealot x4  
  133  13:49  Protoss Ground Weapons Level 3 (Chrono Boost), Protoss Ground Armor Level 3 (Chrono Boost)  
  133  14:02  Colossus  
  133  14:08  Zealot x4  
  133  14:09  Zealot x5  
  157  14:10  Zealot x3  
  145  14:26  Zealot x5  
  123  14:32  Zealot  
  123  14:33  Zealot x5  
  123  14:34  Zealot  
  113  14:43  Zealot x2  
  113  14:44  Zealot x2  
  113  14:45  Zealot  
  99  14:49  Zealot x2  
  83  14:58  Zealot x4  
  61  15:12  High Templar x2  
  61  15:13  High Templar x4  
  73  15:16  Archon  
  73  15:17  Archon  
  73  15:18  Archon  
  73  15:22  Zealot x3  
  73  15:23  Zealot x3  
  73  15:24  Zealot x2  
  88  15:30  Zealot x2  
  92  15:37  High Templar  
  94  15:44  High Templar  
  94  15:45  Zealot x2  
  94  15:46  Zealot  
  94  15:48  Archon  
  102  16:29  Zealot  
  102  16:30  Zealot x3  
  110  16:38  Nexus  
  110  16:39  Pylon  
  110  16:41  Pylon  
  110  16:49  High Templar x3  
  110  16:50  High Templar  
  110  16:53  Archon  
  118  16:54  Archon  
  118  17:00  Zealot x2  
  118  17:01  Zealot x3  
  128  17:09  Probe x3  
  131  17:21  Probe  
  101  17:34  Zealot  
  101  17:35  Zealot x4  
Show
View Real Time Build Order
Export as new Build Order

BsB Zerg - Winner!

Build Orders: Pool First 

Get SALT Encoding   

  12  0:01  Drone  
  13  0:12  Overlord  
  14  0:21  Drone  
  14  0:31  Drone x2  
  16  0:39  Drone  
  17  0:43  Extractor  
  16  0:50  Spawning Pool  
  16  0:54  Drone  
  16  0:58  Drone  
  17  1:07  Drone  
  18  1:30  Hatchery  
  17  1:35  Drone  
  18  1:47  Queen  
  18  1:53  Metabolic Boost  
  20  2:02  Overlord  
  20  2:08  Zergling x2  
  21  2:10  Zergling x2  
  22  2:20  Drone  
  23  2:27  Queen  
  25  2:30  Drone  
  25  2:35  Drone  
  27  2:41  Drone  
  27  2:42  Extractor  
  27  2:47  Drone  
  28  2:52  Drone  
  28  2:57  Drone x2  
  31  3:01  Drone  
  31  3:04  Drone  
  33  3:07  Drone  
  34  3:14  Drone  
  34  3:18  Drone  
  36  3:22  Overlord  
  35  3:46  Drone x8  
  43  3:54  Drone  
  43  3:55  Overlord  
  43  4:11  Drone  
  43  4:14  Overlord  
  43  4:15  Queen  
  46  4:18  Zergling x2  
  47  4:26  Lair, Roach Warren  
  46  4:31  Drone x3  
  46  4:32  Drone, Evolution Chamber x2  
  46  4:45  Zergling x2  
  46  4:46  Zergling x8  
  51  4:57  Drone x2  
  53  5:00  Zerg Missile Weapons Level 1  
  53  5:02  Hatchery, Zerg Ground Armor Level 1  
  53  5:04  Drone  
  53  5:11  Drone  
  53  5:13  Drone  
  55  5:23  Glial Reconstitution  
  55  5:27  Drone x5  
  60  5:31  Overlord x2  
  60  5:32  Overlord  
  59  5:49  Overlord  
  59  5:54  Extractor  
  58  6:01  Drone x10  
  68  6:10  Extractor  
  67  6:14  Roach x4  
  75  6:27  Roach  
  75  6:28  Queen, Roach x2  
  83  6:36  Roach  
  83  6:37  Roach x5  
  95  6:49  Roach  
  95  6:50  Overlord  
  95  6:51  Overlord, Hydralisk Den  
  96  6:57  Drone x2  
  96  6:59  Overlord  
  98  7:03  Zerg Missile Weapons Level 2, Zerg Ground Armor Level 2  
  98  7:16  Roach  
  98  7:17  Roach x8  
  116  7:23  Roach x2  
  116  7:28  Muscular Augments, Hydralisk  
  122  7:38  Overlord x2  
  122  7:49  Overlord x2  
  122  7:56  Hydralisk x8  
  138  8:08  Roach x4  
  138  8:12  Hydralisk  
  146  8:17  Hatchery  
  147  8:20  Infestation Pit  
  147  8:26  Hydralisk x3  
  152  8:29  Extractor  
  152  8:33  Hydralisk, Extractor  
  152  8:35  Overlord x2  
  152  8:36  Overlord x2  
  152  8:46  Roach  
  154  8:48  Overlord x2  
  154  8:49  Overlord  
  154  9:02  Hydralisk x6  
  164  9:03  Roach  
  168  9:11  Overseer x2  
  168  9:15  Roach  
  168  9:16  Roach  
  172  9:34  Drone x11  
  172  9:35  Overlord x3  
  183  9:41  Hydralisk x4  
  191  9:46  Queen  
  191  9:49  Hydralisk  
  191  9:50  Hydralisk  
  197  9:58  Hive  
  197  10:08  Hydralisk x2  
  176  10:48  Hydralisk x17  
  162  11:00  Roach x7  
  160  11:05  Roach x2  
  148  11:14  Pathogen Glands  
  142  11:31  Roach  
  142  11:32  Roach x13  
  170  11:46  Drone x9  
  179  11:51  Roach x2  
  183  12:02  Zerg Missile Weapons Level 3  
  183  12:06  Zerg Ground Armor Level 3  
  183  12:14  Roach x5  
  193  12:20  Hydralisk x2  
  197  12:23  Roach  
  187  12:44  Roach x15  
  157  13:00  Roach x10  
  177  13:06  Extractor  
  177  13:08  Extractor  
  177  13:10  Hydralisk x2  
  177  13:26  Hydralisk x6  
  181  13:27  Roach x2  
  187  13:44  Queen  
  187  13:46  Hatchery  
  188  13:49  Roach x5  
  188  13:50  Roach  
  150  14:41  Infestor x7  
  146  14:51  Roach x3  
  146  14:52  Roach x4  
  150  15:01  Roach x6  
  162  15:08  Infestor  
  164  15:29  Infestor x2  
  164  15:31  Roach x5  
  178  15:56  Infestor x3  
  184  16:06  Roach  
  184  16:07  Roach x7  
Tags
 
League
GoldGold
Matchup
PvZ
Opening
Pool First
Spawn Locations
Cross Positions
Add a new tag
Caveats
  • Supply blocks, unpowered buildings, or Contaminate may cause inaccurate times.
  • Supply counts are checked every 10 seconds.